 Seeded DCSS version 0.29.1-1-gd02db6906a (webtiles) character file.

Game seed: 18446744073709551615 (custom seed)

4 lonewolfV2 the Trooper (level 1, 0/18 HPs)
             Began as a Demonspawn Fighter on Oct 20, 2022.
             Slain by a kobold
             ... wielding a +0 short sword
              (2 damage)
             ... on level 1 of the Dungeon.
             The game lasted 00:00:08 (196 turns).

lonewolfV2 the Trooper (Demonspawn Fighter)          Turns: 196, Time: 00:00:09

Health: 0/18       AC:  6    Str: 16    XL:     1   Next: 50%
Magic:  1/1        EV:  8    Int:  9    God:
Gold:   15         SH:  4    Dex: 12    Spells: 0/0 levels left

rFire   . . .      SeeInvis .   a - +0 long sword
rCold   . . .      Faith    .   c - +0 buckler
rNeg    . . .      Spirit   .   b - +0 scale mail
rPois   .          Reflect  .   (no helmet)
rElec   .          Harm     .   (no cloak)
rCorr   .          Rampage  .   (no gloves)
Will    .....                   (no boots)
Stlth   ..........              (no amulet)
HPRegen 0.06/turn               (no ring)
MPRegen 0.07/turn               (no ring)

@: no status effects
A: no striking features
a: no special abilities


You were on level 1 of the Dungeon.
You visited 1 branch of the dungeon, and saw 1 of its levels.

You collected 15 gold pieces.

Inventory:

Hand Weapons
 a - a +0 long sword (weapon)
Armour
 b - a +0 scale mail (worn)
 c - a +0 buckler (worn)
Scrolls
 e - a scroll of identify {unknown}
Potions
 d - a potion of might


   Skills:
 + Level 3.0 Fighting
 + Level 1.8 Long Blades
 + Level 2.7 Armour
 + Level 2.7 Shields


You couldn't memorise any spells.
You didn't know any spells.
Your spell library contained the following spells:

 Spells                   Type           Power      Damage    Failure   Level
 Summon Guardian Golem    Hex/Summ       0%         N/A       99%         3
 Orb of Destruction       Conj           0%         9d5       100%        7
 Spellforged Servitor     Conj/Summ      0%         N/A       100%        7


Dungeon Overview and Level Annotations

Branches:
Dungeon (1/15)

Altars:


Message History

You barely miss the ball python. The ball python barely misses you.
The ball python constricts you.
You barely miss the ball python. The ball python bites you.
The ball python constricts you.
A hobgoblin comes into view.
The kobold hits you but does no damage.
The ball python bites you but does no damage.
The ball python constricts you.
You hit the ball python.
The ball python is severely wounded.
The ball python bites you. The ball python constricts you.
The kobold hits you but does no damage.
You hit the ball python but do no damage.
The ball python is severely wounded.
The ball python bites you. The ball python constricts you.
The kobold hits you but does no damage.
The ball python bites you but does no damage.
The ball python constricts you. The kobold hits you but does no damage.
You hit the ball python.
The ball python is severely wounded.
The ball python bites you. The ball python constricts you.
A goblin comes into view. It is wielding a +0 club.
The kobold barely misses you. The ball python barely misses you.
The ball python constricts you.
You closely miss the ball python.
The ball python is severely wounded.
The kobold completely misses you. You block the ball python's attack.
The ball python constricts you.
You hit the ball python.
You kill the ball python!
The kobold hits you with a +0 short sword.
The hobgoblin barely misses you. The kobold hits you but does no damage.
You closely miss the hobgoblin. The hobgoblin hits you.
The kobold hits you but does no damage.
You hit the hobgoblin but do no damage. You block the hobgoblin's attack.
The kobold hits you with a +0 short sword.
* * * LOW HITPOINT WARNING * * *
You closely miss the hobgoblin.
The kobold hits you with a +0 short sword.
You die...

.#### #.. ...# .#..
#... ... # #..# ..#
. ..##.## #. #..>..
..##.##Kg#.#
.$.....g@#.#
...........##...
.###).........#
#####.###### #
######.###### (. #.
#....†......#
#.#.##.###.........
#....#.....########
#..........


You could see a hobgoblin, a goblin and a kobold.

Vanquished Creatures
  A ball python (D:1)
  A goblin (D:1)
  A frilled lizard (D:1)
  A rat (D:1)
4 creatures vanquished.

Notes
Turn   | Place    | Note
-------+----------+-------------------------------------------
     0 | D:1      | lonewolfV2 the Demonspawn Fighter began the quest for the
                  | Orb.
     0 | D:1      | Reached XP level 1. HP: 18/18 MP: 1/1
   196 | D:1      | Slain by a kobold

Illustrated notes

Levels and vault maps discovered:
D:1:      dpeg_arrival_brainrot, layout_loops_ring

Action                   || total
-------------------------++-------
Melee: Long sword        ||    20
Armor: Scale mail        ||    11
Dodge: Dodged            ||     7
Block: Buckler           ||     4
